 Dungeon Crawl Stone Soup version 0.31.0-32-g396128a36d (webtiles) character file.

Game seed: 13018663640901657444

224 PaiMei the Grave Robber (level 5, -6/38 HPs)
             Began as a Demonspawn Necromancer on Apr 6, 2024.
             Killed by divine providence
             ... invoked by an orc priest
              (14 damage)
             ... on level 4 of the Dungeon.
             The game lasted 00:03:30 (3364 turns).

PaiMei the Grave Robber (Demonspawn Necromancer)    Turns: 3364, Time: 00:03:31

Health: -6/38      AC:  2    Str:  8    XL:     5   Next: 67%
Magic:  6/9        EV: 13    Int: 18    God:
Gold:   145        SH:  0    Dex: 13    Spells: 6/10 levels left

rFire   . . .        o - +2 dagger (venom)
rCold   . . .        (no shield)
rNeg    . . .        a - +0 robe
rPois   .            (helmet restricted)
rElec   .            (no cloak)
rCorr   .            (no gloves)
SInv    .            (no boots)
Will    .....        g - amulet of magic regeneration
Stlth   ++           j - ring of wizardry
HPRegen 0.26/turn    (no ring)
MPRegen 0.51/turn

%: wizardry (x1)
@: mighty
A: antennae 1, claws 1, powered by pain 1
a: no special abilities


You were on level 4 of the Dungeon.
You visited 1 branch of the dungeon, and saw 4 of its levels.

You collected 145 gold pieces.

Inventory:

Hand Weapons
 c - a +0 spear
 o - a +2 dagger of venom (weapon)
Missiles
 e - 11 poisoned darts (quivered)
Armour
 a - a +0 robe (worn)
 d - an orb of energy
Jewellery
 g - an amulet of magic regeneration (around neck)
 h - a ring of flight
 j - a ring of wizardry (left claw)
Wands
 m - a wand of flame (10)
Scrolls
 f - 4 scrolls of identify {unknown}
 l - a scroll of blinking {unknown}
 p - a scroll of revelation {unknown}
Potions
 b - a potion of magic
 i - a potion of degeneration {unknown}
 k - a potion of enlightenment {unknown}
 n - a potion of curing {unknown}


   Skills:
 + Level 2.1 Fighting
 + Level 3.1 Dodging
 - Level 2.2 Stealth
 + Level 3.1 Spellcasting
 + Level 5.3 Necromancy


You had 6 spell levels left.
You knew the following spells:

 Your Spells              Type           Power      Damage    Failure   Level
a - Necrotise             Necr           88%        1d8       1%          1
b - Vampiric Draining     Necr           22%        2d7       2%          3

Your spell library contained the following spells:

 Spells                   Type           Power      Damage    Failure   Level
 Sublimation of Blood     Necr           22%        N/A       1%          2
 Apportation              Tloc           4%         N/A       6%          1
 Animate Dead             Necr           22%        N/A       7%          4
 Call Imp                 Summ           4%         N/A       10%         2
 Jinxbite                 Hex            4%         N/A       10%         2
 Curse of Agony           Necr           22%        N/A       19%         5
 Alistair's Intoxication  Alch           1%         N/A       85%         5
 Summon Hydra             Summ           1%         N/A       100%        7


Dungeon Overview and Level Annotations

Branches:
Dungeon (4/15)
 Temple: D:4-7

Altars:
Fedhas
Xom

Annotations:
D:3 2 runed translucent doors, metalburner8's ghost, amateur DrEE


Innate Abilities, Weirdness & Mutations

You have a pair of small antennae on your head.
You have sharp fingernails.
You sometimes gain a little power by taking damage.


Message History

Aim: an orc priest, wielding a +0 flail (ally target, chance to affect: 81%)
The orc priest writhes in agony.
The orc priest hits you with a +0 flail.
Your orc priest skeleton hits the orc priest.
Casting: Necrotise (safe; 1% risk of failure)
Confirm with . or Enter, or press ? or * to list all spells.
Aiming: Necrotise (safe; 1% risk of failure)
Press: ? - help, Shift-Dir - straight line, f/p - orc priest
Aim: an orc priest, wielding a +0 flail (heavily wounded, ally target, chance to affect: 81%)
The orc priest barely resists.
Your orc skeleton closely misses the orc priest.
The orc priest completely misses you.
Casting: Necrotise (safe; 1% risk of failure)
Confirm with . or Enter, or press ? or * to list all spells.
Aiming: Necrotise (safe; 1% risk of failure)
Press: ? - help, Shift-Dir - straight line, f/p - orc priest
Aim: an orc priest, wielding a +0 flail (heavily wounded, ally target, chance to affect: 81%)
The orc priest writhes in agony.
Your orc priest skeleton hits the orc priest.
The orc priest closely misses you.
Your orc skeleton barely misses the orc priest.
Casting: Necrotise (safe; 1% risk of failure)
Confirm with . or Enter, or press ? or * to list all spells.
Aiming: Necrotise (safe; 1% risk of failure)
Press: ? - help, Shift-Dir - straight line, f/p - orc priest
Aim: an orc priest, wielding a +0 flail (severely wounded, ally target, chance to affect: 81%)
The orc priest writhes in agony.
The orc priest invokes the aid of Beogh against you.
Beogh smites you!
* * * LOW HITPOINT WARNING * * *
You focus on the pain.
You feel mightier all of a sudden.
Your orc priest skeleton hits the orc priest.
Your orc skeleton hits the orc priest.
You hit the orc priest but do no damage.
The orc priest is poisoned.
The orc priest is almost dead.
The orc priest mumbles some strange prayers to Beogh against you.
Beogh smites you!
You die...

####.####.##.#....#.#
..?...........<.....
#.......##.#.#...#.#
#.......# # #[..#.#
+.......# .#)).#.#
#.......# .#.#.).#.#
+.Z.....+ ...#...#.#
#.####.oZ....##.###...#.#
#......)@.)...........#..
#..###..###.)..####......
. #.†..+....#.........
##.###....#.##......
..##..........#####
####.......##.#
#.......##.# ###'#+####.#
#.#


You could see an orc priest (very poisoned, ally target), a friendly orc
skeleton and a friendly orc priest skeleton.

Vanquished Creatures
  An orc priest (D:4)
  Terence (D:2)
  An orc wizard (D:4)
  3 gnolls (D:3)
  A ribbon worm (D:3)
  2 dart slugs (D:1)
  5 orcs
  7 ball pythons
  2 bats (D:2)
  6 endoplasms
  3 giant cockroaches
  8 goblins
  5 hobgoblins
  10 jackals
  A quokka (D:1)
  4 frilled lizards
  2 kobolds
  4 rats
66 creatures vanquished.

Vanquished Creatures (collateral kills)
  An orc priest (D:4)
  2 jackals
  A frilled lizard (D:3)
4 creatures vanquished.

Grand Total: 70 creatures vanquished

Notes
Turn   | Place    | Note
-------+----------+-------------------------------------------
     0 | D:1      | PaiMei the Demonspawn Necromancer began the quest for the
                  | Orb.
     0 | D:1      | Reached XP level 1. HP: 13/13 MP: 3/3
   173 | D:1      | Discovered your monstrous ancestry.
   173 | D:1      | Gained mutation: You have a pair of small antennae on your
                  | head. [demonic ancestry]
   173 | D:1      | Reached XP level 2. HP: 14/19 MP: 0/5
   655 | D:1      | Reached XP level 3. HP: 24/24 MP: 4/6
   659 | D:1      | Learned a level 3 spell: Vampiric Draining
  1055 | D:2      | Found a blossoming altar of Fedhas.
  1284 | D:2      | Noticed Terence
  1300 | D:2      | Killed Terence
  1710 | D:2      | Reached skill level 1 in Fighting
  1873 | D:2      | Gained mutation: You have sharp fingernails. [demonic
                  | ancestry]
  1873 | D:2      | Reached XP level 4. HP: 32/32 MP: 4/7
  2169 | D:3      | Reached skill level 5 in Necromancy
  2761 | D:3      | Found a large runed translucent door.
  2762 | D:3      | Found a large runed translucent door.
  2763 | D:3      | Noticed metalburner8's ghost (amateur DrEE)
  2902 | D:3      | Found a faded altar of an unknown god.
  3176 | D:4      | Found a shimmering altar of Xom.
  3194 | D:4      | Gained mutation: You sometimes gain a little power by
                  | taking damage. [demonic ancestry]
  3194 | D:4      | Reached XP level 5. HP: 31/38 MP: 5/9
  3364 | D:4      | Killed from afar by an orc priest

Illustrated notes

Levels and vault maps discovered:
D:1:      nzn_arrival_depleted_hourglass, layout_basic
D:2:      layout_basic, basic_altar, uniq_terence
D:3:      layout_loops_cross, ebering_ghost_disaster_area,
          hellmonk_ecumenical_altar_run_dry, st_stairs_12
D:4:      layout_basic, lemuel_crystal_altar, mainiacjoe_overflow_paths,
          uniq_edmund

Skill      XL: |  1  2  3  4  5 |
---------------+----------------+-----
Stealth        | 2 |  2.2
Dodging        | 2 3 |  3.1
Fighting       | 1 2 |  2.1
Necromancy     | 5 |  5.3
Spellcasting   | 3 |  3.1

Action                     |  1- 3 |  4- 6 || total
---------------------------+-------+-------++-------
  Melee: Spear             |    18 |     4 ||    22
         Dagger            |       |    11 ||    11
         Punch             |       |     1 ||     1
   Cast: Necrotise         |    61 |    77 ||   138
 Armour: Robe              |    19 |    27 ||    46
  Dodge: Dodged            |    19 |    33 ||    52
